 Dungeon Crawl Stone Soup version 0.26-a0-1191-ge2a0e31ab3 (webtiles) character file.

Game seed: 7446085374240777437

86 tsouns the Sneak (level 4, 0/40 HPs)
             Began as a Palentonga Delver on Dec 29, 2020.
             Slain by an adder (3 damage)
             ... on level 5 of the Dungeon.
             The game lasted 00:02:18 (418 turns).

tsouns the Sneak (Palentonga Delver)                 Turns: 418, Time: 00:02:19

Health: 0/40       AC:  6    Str: 12    XL:     4   Next: 27%
Magic:  4/4        EV: 10    Int: 18    God:
Gold:   65         SH:  0    Dex: 15    Spells: 3/3 levels left

rFire    . . .     SeeInvis +     - Unarmed
rCold    . . .     Faith    .   (no shield)
rNeg     + . .     Spirit   .   g - +2 robe of Freezing Freedom {rN+ Str-3 Int+6 Dex+4}
rPois    .         Reflect  .   (no helmet)
rElec    .         Harm     .   (no cloak)
rCorr    .         Rampage  .   (no gloves)
Will     .....                  (no barding)
Stlth    +++.......             (no amulet)
HPRegen  0.13/turn              (no ring)
MPRegen  0.09/turn              (no ring)

@: no status effects
A: large, rugged brown scales 3, see invisible, deformed body, roll 1, armoured
tail
a: Rolling Charge


You were on level 5 of the Dungeon.
You visited 1 branch of the dungeon, and saw 1 of its levels.

You collected 65 gold pieces.

Inventory:

Hand Weapons
 e - a +4 mace
Missiles
 h - 3 boomerangs
Armour
 a - a +0 leather armour
 g - the +2 robe of Freezing Freedom (worn) {rN+ Str-3 Int+6 Dex+4}
   (You found it on level 5 of the Dungeon)

   It affects your strength (-3).
   It affects your intelligence (+6).
   It affects your dexterity (+4).
   It protects you from negative energy.
Wands
 f - a wand of digging (1)
Scrolls
 b - a scroll of fog
 c - a scroll of magic mapping
 d - a scroll of fear


   Skills:
 + Level 3.2 Fighting
 + Level 1.8 Dodging
 + Level 4.2 Stealth
 + Level 2.6 Unarmed Combat


You had 3 spell levels left.
You didn't know any spells.
Your spell library was empty.

Dungeon Overview and Level Annotations

Branches:
Dungeon (5/15)
 Temple: D:4-7

Altars:


Innate Abilities, Weirdness & Mutations

You are completely covered in rugged brown scales. (AC +3, +7% HP)
You have supernaturally acute eyesight. (SInv)
Armour fits poorly on your strangely shaped body.
You can roll at nearby foes to attack.
You have a long armoured tail.


Message History

You miss the adder.
The adder bites you but does no damage. x2
You barely miss the adder. The adder barely misses you.
A worker ant zombie comes into view.
You barely miss the adder. The adder bites you but does no damage.
The quokka twitches its whiskers.
The phantom blinks!
You closely miss the adder. The adder completely misses you.
The phantom blinks!
The adder completely misses you.
You hit the adder but do no damage. The adder barely misses you.
The quokka twitches its whiskers.
You barely miss the adder. The adder bites you but does no damage.
You barely miss the adder.
Your tail-slap misses the adder.
The phantom closely misses you. The adder barely misses you.
You closely miss the adder. The adder barely misses you. The phantom hits you!
* * * LOW HITPOINT WARNING * * *
The adder bites you but does no damage.
You closely miss the adder.
The phantom hits you but does no damage.
The adder bites you.
You die...

,,,*###.,*
****....########
**,,,*#.....[(.#
*,,***#......(.#
*,** #.(...Zh.#
*,*####.....Brc#
,,*#.........ch##
,*...######.###S##
**.#** #.# ##@#
,,,*#######.##
##W#
****#........# #.#
#####........# #.#
.............# #.#
.............# #.#
#####........# ##
#).......#
##)#####.#


You could see a phantom, 2 centaurs, a hound, a worker ant, an adder, a worker
ant zombie, a quokka and a jackal.

Vanquished Creatures
  A hound (D:5)
  An orc wizard (D:5)
  An adder (D:5)
  A shadow imp (D:5)
  6 orcs (D:5)
10 creatures vanquished.

Notes
Turn   | Place    | Note
-------+----------+-------------------------------------------
     0 | D:5      | tsouns the Palentonga Delver began the quest for the Orb.
     0 | D:5      | Reached XP level 1. HP: 20/20 MP: 1/1
     5 | D:5      | Got a crude robe
    16 | D:5      | Identified the +2 robe of Freezing Freedom {rN+ Str-3 Int+6
                  | Dex+4} (You found it on level 5 of the Dungeon)
    30 | D:5      | Noticed a centaur
    52 | D:5      | Reached XP level 2. HP: 17/27 MP: 2/2
    89 | D:5      | Reached skill level 4 in Stealth
    89 | D:5      | Reached XP level 3. HP: 10/33 MP: 3/3
   387 | D:5      | Noticed a centaur
   400 | D:5      | Noticed a sky beast
   400 | D:5      | Noticed a phantom
   408 | D:5      | Reached XP level 4. HP: 10/40 MP: 4/4
   418 | D:5      | Slain by an adder

Illustrated notes

Levels and vault maps discovered:
D:5:      layout_rooms, basic_altar, kennysheep_windowed_goal

Skill      XL: |  1  2 |
---------------+-------+-----
Stealth        | 4 |  4.2
Fighting       | |  3.2
Dodging        | |  1.8
Unarmed Combat | |  2.6

Action                   |  1- 3 |  4- 6 || total
-------------------------+-------+-------++-------
Melee: Unarmed           |    72 |    11 ||    83
       Tailslap          |     7 |       ||     7
 Abil: Rolling Charge    |     1 |       ||     1
Evoke: Wand              |     2 |       ||     2
  Use: Potion            |     1 |       ||     1
       Scroll            |     2 |       ||     2
Armor: Robe              |    20 |     7 ||    27
Dodge: Dodged            |    26 |     8 ||    34

Table legend: (Time is in decaauts)
 A = Elapsed time spent in this place.
 B = Non-inter-level travel time spent in this place.
 C = Inter-level travel time spent in this place.
 D = Time resting spent in this place.
 E = Time spent auto-exploring this place.
 F = Levels seen in this place.
 G = Mean time per level.
                   A        B        C        D        E       F      G
               +--------+--------+--------+--------+--------+-----+--------+
         Total |    396 |    396 |      0 |    237 |     22 |   1 |  396.0 |
       Dungeon |    396 |    396 |      0 |    237 |     22 |   1 |  396.0 |
               +--------+--------+--------+--------+--------+-----+--------+

Top non-repeatable levels by time:
     D:5: 396 daAuts
